 Dungeon Crawl Stone Soup version 0.21.1-1-g345015f (webtiles) character file.

704084 garbagetei the Demon Slayer (level 27, -7/198 HPs)
             Began as a Gnoll Warper on Feb 2, 2018.
             Was a High Priest of the Shining One.
             Mangled by a Killer Klown (10 damage)
             ... on level 5 of the Realm of Zot on Feb 5, 2018.
             The game lasted 08:51:03 (102074 turns).

garbagetei the Demon Slayer (Gnoll Warper)        Turns: 102074, Time: 08:51:04

Health: -7/198     AC: 40    Str: 24    XL:     27
Magic:  0/41       EV: 18    Int: 16    God:    the Shining One [*****.]
Gold:   2827       SH:  0    Dex: 12    Spells: 20/64 levels left

rFire    + . .     SeeInvis +   M - +6 triple sword of Yclekirgh {slice, rElec}
rCold    + . .     Gourm    .   (shield currently unavailable)
rNeg     + + +     Faith    .   p - +7 chain mail of Twilight {rC+ SInv}
rPois    +         Spirit   +   D - +2 hat of the Bear Spirit {Spirit, +Rage rN+ MR++}
rElec    +         Reflect  .   c - +0 cloak of Naest {rF+ MR+}
rCorr    .         Harm     .   C - +5 pair of gloves of Qoyfas {+Fly Regen+ Int+2 Stlth+}
MR       +++++                  S - +2 pair of boots {run}
Stlth    ++........             G - amulet of guardian spirit
HPRegen  0.83/turn              I - ring of the Endless Continents {rPois rN+++ AC+4 Int-3}
MPRegen  0.27/turn              (no ring)

@: about to teleport, slowed, glowing, very slow
A: distributed training, fangs 1, clumsy 2, deterioration 1, frail 1, low mp 1,
strong nose
}: 3/15 runes: barnacled, slimy, gossamer
a: Divine Shield, Cleansing Flame, Summon Divine Warrior, Renounce Religion,
Evoke Berserk Rage, Evoke Flight


You were on level 5 of the Realm of Zot.
You worshipped the Shining One.
The Shining One was extremely pleased with you.
You were not hungry.

You visited 14 branches of the dungeon, and saw 59 of its levels.
You visited 1 bazaar.
You also visited: Ice Cave and Desolation.

You collected 6892 gold pieces.
You spent 2408 gold pieces at shops.
You donated 1657 gold pieces to Zin.

Inventory:

Hand Weapons
 g - a +0 dire flail of holy wrath
 k - the +2 arbalest of Change {freeze, Str+7}
   (You found it on level 13 of the Dungeon)

   It causes projectiles fired from it to freeze those they strike, causing
   extra injury to most foes and up to half again as much damage against
   particularly susceptible opponents.
   They can also slow down cold-blooded creatures.
   It affects your strength (+7).
 v - the +7 lajatang of Order {silver, rMut}
   (You found it on level 1 of the Depths)

   It protects you from mutation.
 y - a +0 demon whip
 M - the +6 triple sword of Yclekirgh (weapon) {slice, rElec}
   (Okawaru gifted it to you on level 4 of the Spider Nest)

   It inflicts extra damage upon your enemies.
   It insulates you from electricity.
Missiles
 i - 7 javelins of penetration (quivered)
 N - 1671 bolts
Armour
 a - the +4 cloak of Immorality {rElec MR+ Str+3 Dex+7}
   (You found it on level 4 of the Lair of Beasts)

   It affects your strength (+3).
   It affects your dexterity (+7).
   It insulates you from electricity.
   It affects your resistance to hostile enchantments.
 c - the +0 cloak of Naest (worn) {rF+ MR+}
   (You found it on level 3 of the Elven Halls)

   It protects you from fire.
   It affects your resistance to hostile enchantments.
 p - the +7 chain mail of Twilight (worn) {rC+ SInv}
   (You found it on level 13 of the Dungeon)

   It protects you from cold.
   It lets you see invisible.
 r - +2 ice dragon scales
 C - the +5 pair of gloves of Qoyfas (worn) {+Fly Regen+ Int+2 Stlth+}
   (Okawaru gifted it to you on level 6 of the Lair of Beasts)

   It affects your intelligence (+2).
   It lets you fly.
   It increases your rate of regeneration.
   It makes you more stealthy.
 D - the +2 hat of the Bear Spirit (worn) {Spirit, +Rage rN+ MR++}
   (You found it on level 3 of the Elven Halls)

   It protects you from negative energy.
   It affects your resistance to hostile enchantments.
   It lets you go berserk.
 E - the +7 chain mail "Tampiv" {Int+5 Dex+2}
   (You found it on level 3 of the Elven Halls)

   It affects your intelligence (+5).
   It affects your dexterity (+2).
 S - a +2 pair of boots of running (worn)
Magical Staves
 e - an uncursed staff of energy
 L - an uncursed staff of wizardry
 W - an uncursed staff of power
Jewellery
 l - the ring "Tuhi Cempon" {-Tele rElec rC++ MR+ Int+2}
   (You found it in the Desolation of Salt)

   [ring of protection from magic]

   It affects your intelligence (+2).
   It greatly protects you from cold.
   It insulates you from electricity.
   It affects your resistance to hostile enchantments.
   It prevents most forms of teleportation.
 F - an uncursed ring of wizardry
 G - an amulet of guardian spirit (around neck)
 I - the ring of the Endless Continents (left hand) {rPois rN+++ AC+4 Int-3}
   (You found it in the Desolation of Salt)

   [ring of protection]

   It affects your AC (+4).
   It affects your intelligence (-3).
   It protects you from poison.
   It renders you almost immune to negative energy.
 X - an uncursed ring of resist corrosion
Wands
 t - a wand of paralysis (62)
 z - a wand of digging (21)
 H - a wand of acid (20)
 K - a wand of disintegration (46)
 U - a wand of enslavement (55)
Scrolls
 b - 7 scrolls of fog
 d - 10 scrolls of blinking
 h - 7 scrolls of identify
 m - 17 scrolls of teleportation
 n - 16 scrolls of fear
 s - 5 scrolls of magic mapping
 u - 6 scrolls of enchant armour
 A - a scroll of amnesia
 B - 17 scrolls of remove curse
 T - 2 scrolls of brand weapon
 V - 5 scrolls of holy word
Potions
 j - 4 potions of might
 o - 10 potions of brilliance
 q - 8 potions of ambrosia
 w - 2 potions of heal wounds
 J - 4 potions of magic
 O - 21 potions of curing
 P - 6 potions of cancellation
 R - a potion of haste
 Y - 4 potions of resistance
 Z - a potion of mutation
Miscellaneous
 x - a crystal ball of energy
Comestibles
 f - 56 rations
 Q - 2 chunks of flesh


   Skills:
 + Level 19.0 Fighting
 + Level 18.6 Short Blades
 + Level 19.0 Long Blades
 + Level 18.6 Axes
 + Level 18.6 Maces & Flails
 + Level 18.6 Polearms
 + Level 18.6 Staves
 + Level 18.6 Slings
 + Level 18.6 Bows
 + Level 18.6 Crossbows
 + Level 18.7 Throwing
 + Level 18.7 Armour
 + Level 19.0 Dodging
 + Level 18.6 Stealth
 + Level 18.6 Shields
 + Level 18.6 Unarmed Combat
 + Level 19.1 Spellcasting
 + Level 16.0 Conjurations
 + Level 16.0 Hexes
 + Level 16.0 Charms
 + Level 16.0 Summonings
 + Level 16.0 Necromancy
 + Level 16.7 Translocations
 + Level 16.0 Transmutations
 + Level 16.0 Fire Magic
 + Level 16.0 Ice Magic
 + Level 16.0 Air Magic
 + Level 16.0 Earth Magic
 + Level 16.0 Poison Magic
 + Level 20.0 Invocations
 + Level 18.6 Evocations


You had 20 spell levels left.
You knew the following spells:

 Your Spells              Type           Power        Failure   Level  Hunger
a - Blink                 Tloc           N/A          1%          2    None
b - Teleport Other        Tloc           ######..     1%          3    None
c - Shroud of Golubria    Chrm/Tloc      ######....   1%          2    None
d - Bolt of Magma         Conj/Fire/Erth ######....   1%          5    ###....
e - Swiftness             Chrm/Air       ######..     1%          2    None
f - Song of Slaying       Chrm           ######..     1%          2    None
g - Regeneration          Chrm/Necr      ######....   1%          3    None
h - Lesser Beckoning      Tloc           ######....   1%          3    None
i - Passage of Golubria   Tloc           N/A          1%          4    None
j - Summon Mana Viper     Hex/Summ       ######..     1%          5    ###....
k - Borgnjor's Vile Clut  Necr/Erth      ######....   1%          5    ###....
l - Invisibility          Hex            ######..     2%          6    #####..
m - Passwall              Tmut/Erth      ######....   1%          2    None


Dungeon Overview and Level Annotations

Branches:
Dungeon (15/15)            Temple (1/1) D:7            Lair (6/6) D:10
 Shoals (4/4) Lair:2       Spider (4/4) Lair:3        Slime (5/5) Lair:5
    Orc (2/2) D:9             Elf (3/3) Orc:2        Vaults (4/5) D:14
  Crypt (3/3) Vaults:3       Tomb (1/3) Crypt:3      Depths (5/5) D:15
   Hell (1/1)                 Dis (0/7) Hell            Geh (0/7) Hell
    Coc (0/7) Hell            Tar (0/7) Hell            Zot (5/5) Depths:5

Altars:
Ashenzari
Cheibriados
Dithmenos
Elyvilon
Fedhas
Gozag
Hepliaklqana
Kikubaaqudgha
Nemelex Xobeh
Okawaru
Qazlal
Ru
Sif Muna
Trog
Uskayaw
Wu Jian
Yredelemnul
Zin
The Shining One
Beogh
Jiyva

Shops:
D:9 [   D:10 ?   D:12 [   Orc:2 (?((   Elf:1 [:(   Elf:2 *   Elf:3 *
Shoals:2 =   Depths:1 ?!!(:   Depths:5 (

Portals:
Hell: Depths:1 Depths:2 Depths:3 Depths:4 Depths:5
Abyss: Depths:3 Depths:4 Depths:5
Pandemonium: Depths:3 Depths:4
Ziggurat: Depths:1

Annotations:
Lair:2 exclusion: oklob plant
Lair:5 exclusion: 2 oklob plants
Shoals:1 exclusion: downstairs
Shoals:2 exclusion: Roxanne, Roxanne
Spider:2 Asterion
Spider:4 Bai Suzhen, Mara
Depths:2 exclusion: orange crystal statue


Innate Abilities, Weirdness & Mutations

Your experience applies equally to all skills.
You have very sharp teeth.
Your uncanny sense of smell can sniff out nearby items.
You are very clumsy. (Dex -4)
Your body sometimes deteriorates upon taking damage.
You are frail. (-10% HP)
Your magical capacity is low. (-10% MP)


Message History

* * * LOW HITPOINT WARNING * * *
The Killer Klown beckons to you.
The Killer Klown blinks!
Okay, then.
You feel much better.
The Orb Guardian hits you but does no damage. x2
The Killer Klown karate-kicks you but does no damage.
The white draconian stormcaller mumbles some strange prayers to Qazlal against you.
Qazlal smites you!
* * * LOW HITPOINT WARNING * * *
Okay, then.
As you read the scroll of teleportation, it crumbles to dust.
You feel strangely unstable.
You feel the Orb delaying your translocation!
The Orb Guardian hits you!
* * * LOW HITPOINT WARNING * * *
The Killer Klown pounds you!
* * * LOW HITPOINT WARNING * * *
You are engulfed in flames!
You resist.
You die...

##...........## #......§......# ∆
#.............## ...............#
#######.######## #§).p.# #.#
############ #≈....# #.#
#..........#
#≈....####q####.########.####
#≈....'p..zX@p...# #.....
#####≈....#########..# ######'###
§§≈§§≈....# #..###.........
§≈§§≈≈....# #....'.........
§..§......# ##.###.........
).........# ######.# #.........
#'######### #......# #.........
#.#############.#.#### #.........
#..⌠.........|....######.........


You could see 2 Killer Klowns, a death cob, a white draconian stormcaller and an
Orb Guardian.

Vanquished Creatures
  the Royal Jelly (Slime:5)
  Dissolution (Slime:4)
  Khufu (Crypt:2)
  3 orbs of fire
  4 ancient liches
  2 greater mummies
  The ghost of 1player the Slayer, a legendary GrMo of Wu Jian (Zot:2)
  Boris (Depths:5)
  2 Killer Klowns
  2 curse toes
  Geryon (Hell)
  Jory (Crypt:2)
  A profane servitor (Crypt:3)
  4 golden dragons
  A Tzitzimitl (Depths:2)
  3 electric golems
  Jorgrun (Vaults:3)
  12 tentacled monstrosities
  Rupert (D:12)
  An Ice Fiend (IceCv)
  9 Orb Guardians
  3 quicksilver dragons
  7 titans
  10 deep elf master archers
  6 deep elf blademasters
  34 acid blobs
  A kraken (Shoals:4)
  10 death cobs
  11 sphinxes
  The ghost of jernau the Impaler, an adept FoFi of Okawaru (Shoals:3)
  9 ancient champions
  Ilsuiw (Shoals:3)
  4 tengu reavers
  6 draconian monks
  8 storm dragons
  5 shadow dragons
  3 revenants
  25 azure jellies
  23 fire giants
  9 draconian knights
  7 draconian scorchers
  7 emperor scorpions
  10 vault wardens
  7 ghost moths
  4 curse skulls
  3 balrugs
  2 draconian shifters
  A caustic shrike zombie (Crypt:2)
  2 imperial myrmidons (Desolation)
  16 frost giants
  Louise (Spider:1)
  5 deep elf sorcerers
  2 orc warlords
  5 deep elf elementalists (Elf:3)
  Aizul (Spider:1)
  The ghost of Miyamura the Martial Artist, a journeyman OpTm of Ashenzari (Orc:2)
  7 ironheart preservers
  2 ghouls (Crypt:2)
  3 draconian annihilators
  2 war gargoyles (Depths:1)
  13 very ugly things
  5 draconian stormcallers
  2 reapers (Hell)
  23 stone giants
  2 caustic shrike skeletons
  3 entropy weavers
  A juggernaut skeleton (Depths:1)
  13 black draconians
  7 purple draconians
  7 green draconians
  A lorocyproca (Hell)
  6 white draconians
  11 vampire knights
  11 deep elf annihilators
  11 deep elf demonologists
  7 yellow draconians
  7 red draconians
  4 eidola
  A halazid warlock (Desolation)
  Snorg (Lair:6)
  6 deep elf death magi
  The ghost of PeterLawrence the Fighter, a journeyman MiFi of Okawaru (Lair:4)
  11 ettins
  16 death oozes
  A minotaur (Shoals:2)
  3 blizzard demons
  A crystal guardian (Desolation)
  5 merfolk javelineers
  5 merfolk impalers
  6 mummy priests (Tomb:1)
  15 fire dragons
  Josephine (Spider:1)
  14 yaktaur captains
  4 jiangshi (Crypt:1)
  2 deep elf high priests (Elf:3)
  A quicksilver dragon skeleton (Crypt:1)
  14 great orbs of eyes
  7 ragged hierophants (Desolation)
  10 rakshasas
  13 vault guards
  9 servants of whispers (Desolation)
  A hell beast (Hell)
  A juggernaut simulacrum (Depths:1)
  6 ice dragons
  3 peacekeepers (Desolation)
  4 hydras
  3 merfolk avatars
  4 centaur warriors
  2 spriggan air magi
  2 alligator snapping turtles
  11 ogre magi
  3 satyrs
  4 catoblepae
  36 dancing weapons
  6 merfolk aquamancers
  4 death scarabs (Tomb:1)
  6 death knights
  4 deep troll earth magi
  6 hell hogs
  39 two-headed ogres
  8 death yaks (Lair:6)
  4 vampire magi
  2 spriggan berserkers (Depths:3)
  8 deep troll shamans
  4 tengu warriors
  2 storm dragon zombies
  27 deep elf knights
  3 soul eaters
  4 orc high priests (Orc:2)
  2 iron golems
  A titan skeleton (Hell)
  An iron troll (Depths:5)
  A sixfirhy (Depths:3)
  41 skeletal warriors
  9 shadow wraiths
  12 deep trolls
  A death drake (Depths:2)
  An unseen horror (D:13)
  23 hell knights
  A death drake (shapeshifter) (Depths:3)
  3 storm dragon skeletons
  5 sea snakes
  An anaconda zombie (Crypt:2)
  10 flayed ghosts
  A swamp dragon (shapeshifter) (Depths:4)
  6 wizards
  33 harpies
  12 glowing orange brains
  Pikel (D:6)
  A golden dragon skeleton (Crypt:1)
  An orange crystal statue (Depths:2)
  11 phantasmal warriors
  15 orc knights
  2 mana vipers (Depths:2)
  22 ironbrand convokers
  A harpy (shapeshifter) (Vaults:1)
  3 anaconda skeletons
  12 deep elf archers
  38 ugly things
  17 orb spiders
  8 orc sorcerers
  A wolf spider (shapeshifter) (Vaults:1)
  80 deep elf magi
  19 necromancers
  An iron dragon zombie (Crypt:3)
  22 wolf spiders
  11 manticores
  11 fauns
  A fire giant zombie (Crypt:3)
  A frost giant zombie (Vaults:3)
  A stone giant zombie (Vaults:3)
  8 cyclopes
  An iron dragon skeleton (Crypt:2)
  14 shining eyes
  A salamander (shapeshifter) (Vaults:4)
  25 elephants
  A centaur zombie (D:14)
  A frost giant skeleton (Vaults:4)
  16 vault sentinels
  10 merfolk sirens
  Psyche (D:11)
  23 moths of wrath
  A fire giant skeleton (Crypt:1)
  A smoke demon (Hell)
  A stone giant skeleton (Depths:1)
  A dire elephant zombie (Hell)
  3 guardian serpents (Desolation)
  2 water nymphs (shapeshifter)
  Maurice (D:9)
  9 rust devils
  9 water nymphs
  5 black mambas
  3 torpor snails
  22 eyes of devastation
  15 spiny frogs
  A dire elephant skeleton (Tomb:1)
  A gargoyle (D:14)
  5 human zombies
  3 ice statues (IceCv)
  A catoblepas zombie (Crypt:3)
  A kobold demonologist (D:13)
  A hellion (Hell)
  A rime drake (shapeshifter) (Vaults:4)
  A yaktaur zombie (Vaults:2)
  A yaktaur (shapeshifter) (Vaults:2)
  7 freezing wraiths
  10 komodo dragons
  A black draconian zombie (Crypt:1)
  70 yaktaurs
  A golden dragon simulacrum (IceCv)
  3 rime drakes
  3 guardian mummies (Tomb:1)
  5 red devils
  3 spectral merfolk (Depths:2)
  3 anaconda simulacra
  19 demonic crawlers
  A red draconian skeleton (Crypt:2)
  A yaktaur skeleton (Vaults:2)
  3 hydra zombies (Hell)
  16 ice devils
  33 merfolk
  3 tengu conjurers
  14 hornets
  3 meliai
  A troll (Orc:2)
  5 wind drakes
  157 slime creatures
  2 polar bears
  21 jumping spiders
  A meliai (shapeshifter) (D:15)
  Prince Ribbit (D:7)
  A blink frog (Lair:1)
  2 hydra skeletons
  An ice dragon zombie (Crypt:1)
  2 raiju (Depths:2)
  Grinder (D:3)
  47 saltlings (Desolation)
  An alligator zombie (Hell)
  9 hippogriffs
  12 snapping turtles
  5 dream sheep
  A spriggan skeleton (Depths:1)
  2 frost giant simulacra
  A guardian serpent skeleton (Crypt:2)
  2 ettin skeletons
  20 flying skulls
  Sigmund (D:2)
  5 air elementals
  29 tarantellas
  A redback (shapeshifter) (Elf:2)
  7 ushabtiu (Tomb:1)
  49 redbacks
  2 dire elephant simulacra (IceCv)
  2 ice dragon skeletons
  2 shadows (Depths:2)
  2 vampires (Depths:2)
  2 wyverns
  Eustachio (D:6)
  19 water elementals
  3 basilisks
  43 yaks
  21 wraiths
  4 hungry ghosts
  A neqoxec (Depths:3)
  14 vampire mosquitoes
  10 fire elementals
  14 golden eyes
  A chaos spawn (Depths:3)
  A wind drake skeleton (Crypt:3)
  2 acid dragons (Vaults:1)
  An iron troll simulacrum (IceCv)
  3 harpy simulacra (IceCv)
  12 wargs
  2 hydra simulacra (IceCv)
  A deep troll zombie (Vaults:2)
  An acid dragon (shapeshifter) (D:13)
  17 water moccasins
  2 water moccasins (shapeshifter)
  17 porcupines
  13 hell hounds
  3 spectral trolls (Depths:2)
  2 floating eyes
  A merfolk zombie (Crypt:1)
  2 spectral spriggans (Depths:2)
  An ice beast (shapeshifter) (Vaults:2)
  2 ice beasts
  56 orc warriors
  2 slaves (D:6)
  2 spiny frog skeletons
  An ettin simulacrum (Vaults:3)
  44 ogres
  A black bear (D:11)
  A snapping turtle zombie (Depths:2)
  9 eyes of draining
  A manticore zombie (Crypt:1)
  5 sky beasts
  19 wolves
  3 phantoms
  22 boggarts
  An elephant zombie (Lair:3)
  A necrophage (Crypt:2)
  A tengu (shapeshifter) (Elf:1)
  A manticore skeleton (Crypt:3)
  12 centaurs
  7 crocodiles
  A swamp dragon skeleton (Crypt:2)
  Blork the orc (D:5)
  A komodo dragon zombie (Lair:3)
  5 big kobolds
  5 earth elementals
  A salamander zombie (Crypt:1)
  3 human skeletons
  A wyvern zombie (D:11)
  13 bullfrogs
  An elf skeleton (Crypt:3)
  A spiny frog simulacrum (Hell)
  A water moccasin zombie (D:8)
  3 scorpions
  A spriggan zombie (Crypt:3)
  A yak zombie (Crypt:3)
  A human simulacrum (Vaults:4)
  A spectral naga (Depths:2)
  5 electric eels
  29 wights
  2 howler monkeys (D:9)
  10 crimson imps
  3 spectral centaurs (Depths:2)
  A bullfrog zombie (D:5)
  A wolf skeleton (Crypt:1)
  The ghost of Gobbopathe the Charlatan, a weakling SpAr (D:3)
  10 hounds
  4 jellies
  39 orc priests
  27 orc wizards
  2 centaur skeletons
  An iron imp (Depths:1)
  A demonspawn zombie (Crypt:3)
  3 bullfrog skeletons
  An iguana (D:10)
  19 worker ants
  A killer bee zombie (Crypt:1)
  A sky beast zombie (Crypt:2)
  2 crocodile zombies (Lair:3)
  A naga skeleton (Crypt:1)
  A tengu skeleton (Crypt:3)
  A demigod skeleton (Crypt:3)
  3 hound skeletons
  18 mummies
  2 worker ant zombies
  15 adders
  3 gnolls (D:5)
  2 howler monkey skeletons
  A naga simulacrum (Depths:2)
  A scorpion zombie (Crypt:2)
  A shadow imp (D:6)
  A swamp drake skeleton (Crypt:2)
  5 oozes (D:9)
  An adder skeleton (D:7)
  4 worms
  3 dart slugs
  5 leopard geckos
  145 orcs
  2 ball pythons
  10 bats
  11 giant cockroaches
  7 goblins
  10 hobgoblins
  5 jackals (D:3)
  2 quokkas
  6 frilled lizards
  A hobgoblin skeleton (Crypt:2)
  2 jackal skeletons
  30 kobolds
  A kobold skeleton (Crypt:3)
  2 leopard gecko zombies
  2 orc skeletons
  A quokka skeleton (D:5)
  7 rats
  A bush (D:13)
  A fungus (Lair:1)
  A pillar of salt (Hell)
  3 tentacles (Shoals:4)
2960 creatures vanquished.

Vanquished Creatures (collateral kills)
  Sojobo (Depths:4)
1 creature vanquished.

Vanquished Creatures (others)
  A deep elf master archer (Slime:4)
  A purple draconian (Zot:2)
  A blizzard demon (Hell)
  A hell hog (Hell)
  5 deep elf knights
  3 skeletal warriors
  5 deep elf magi
  4 deep elf archers
  A shining eye (shapeshifter) (Depths:1)
  A moth of wrath (Zot:5)
  A red devil (Depths:1)
  A tarantella (Spider:3)
  An air elemental (Depths:4)
  An orc wizard (Vaults:2)
  2 orcs
  15 fungi
  17 pillars of salt
  58 plants
  4 tentacles (Shoals:4)
123 creatures vanquished.

Grand Total: 3084 creatures vanquished

Notes
Turn   | Place    | Note
-------+----------+-------------------------------------------
     0 | D:1      | garbagetei the Gnoll Warper began the quest for the Orb.
     0 | D:1      | Reached XP level 1. HP: 20/20 MP: 6/6
   227 | D:1      | Reached XP level 2. HP: 26/26 MP: 7/7
   906 | D:1      | Reached skill level 1 in Short Blades
   906 | D:1      | Reached skill level 1 in Axes
   906 | D:1      | Reached skill level 1 in Maces & Flails
   906 | D:1      | Reached skill level 1 in Polearms
   906 | D:1      | Reached skill level 1 in Staves
   906 | D:1      | Reached skill level 1 in Slings
   906 | D:1      | Reached skill level 1 in Bows
   906 | D:1      | Reached skill level 1 in Crossbows
   906 | D:1      | Reached skill level 1 in Stealth
   906 | D:1      | Reached skill level 1 in Shields
   906 | D:1      | Reached skill level 1 in Unarmed Combat
   906 | D:1      | Reached skill level 5 in Spellcasting
   906 | D:1      | Reached skill level 1 in Invocations
   906 | D:1      | Reached skill level 1 in Evocations
   906 | D:1      | Reached XP level 3. HP: 16/31 MP: 7/9
  1061 | D:1      | Learned a level 2 spell: Blink
  1065 | D:1      | Learned a level 3 spell: Teleport Other
  1068 | D:1      | Learned a level 2 spell: Shroud of Golubria
  1209 | D:2      | Reached XP level 4. HP: 20/38 MP: 11/11
  1779 | D:2      | Noticed Sigmund
  2019 | D:2      | Killed Sigmund
  2019 | D:2      | Reached skill level 1 in Conjurations
  2019 | D:2      | Reached skill level 1 in Hexes
  2019 | D:2      | Reached skill level 1 in Charms
  2019 | D:2      | Reached skill level 1 in Summonings
  2019 | D:2      | Reached skill level 1 in Necromancy
  2019 | D:2      | Reached skill level 1 in Transmutations
  2019 | D:2      | Reached skill level 1 in Fire Magic
  2019 | D:2      | Reached skill level 1 in Ice Magic
  2019 | D:2      | Reached skill level 1 in Air Magic
  2019 | D:2      | Reached skill level 1 in Earth Magic
  2019 | D:2      | Reached skill level 1 in Poison Magic
  2019 | D:2      | Reached skill level 2 in Invocations
  2019 | D:2      | Reached XP level 5. HP: 43/43 MP: 12/12
  2019 | D:2      | Reached XP level 6. HP: 50/50 MP: 13/13
  2312 | D:3      | Noticed Grinder
  2466 | D:4      | Found a stormy altar of Qazlal.
  2528 | D:4      | Reached skill level 5 in Fighting
  2528 | D:4      | Reached skill level 5 in Long Blades
  2528 | D:4      | Reached skill level 5 in Dodging
  2656 | D:5      | Entered Level 5 of the Dungeon
  2656 | D:5      | Noticed Blork the orc
  2680 | D:5      | Killed Blork the orc
  2888 | D:5      | Reached XP level 7. HP: 53/56 MP: 15/15
  3144 | D:5      | Found a shattered altar of Ashenzari.
  4358 | D:4      | Found a white marble altar of Elyvilon.
  4769 | D:3      | Reached skill level 3 in Invocations
  4881 | D:3      | Noticed Gobbopathe's ghost (weakling SpAr)
  4917 | D:3      | Killed Gobbopathe's ghost
  4973 | D:3      | Paralysed by Grinder for 4 turns
  4985 | D:3      | Paralysed by Grinder for 4 turns
  5001 | D:3      | Killed Grinder
  5001 | D:3      | Reached XP level 8. HP: 43/63 MP: 8/16
  5493 | D:5      | Found an ornate altar of the Wu Jian Council.
  7404 | D:6      | Reached skill level 4 in Invocations
  7768 | D:6      | Reached XP level 9. HP: 57/69 MP: 15/18
  7796 | D:6      | Noticed Eustachio
  7913 | D:6      | Killed Eustachio
  8122 | D:6      | Noticed Pikel
  8161 | D:6      | Killed Pikel
  8408 | D:7      | Reached skill level 5 in Throwing
  8408 | D:7      | Reached skill level 5 in Armour
  8434 | D:7      | Gained mutation: Your body sometimes deteriorates upon taking damage. [potion of mutation]
  8434 | D:7      | Gained mutation: You have sharp toenails. [potion of mutation]
  8434 | D:7      | Gained mutation: Your spells are a little harder to cast, but a little more powerful. [potion of mutation]
  8434 | D:7      | Gained mutation: Your muscles are strong. (Str +2) [potion of mutation]
  8783 | D:7      | Noticed Prince Ribbit
  9360 | D:7      | Reached skill level 5 in Invocations
  9804 | D:7      | Reached XP level 10. HP: 56/77 MP: 15/20
  9858 | D:7      | Killed Prince Ribbit
  9934 | D:7      | Found a staircase to the Ecumenical Temple.
  9946 | Temple   | Entered the Ecumenical Temple
  9959 | Temple   | Became a worshipper of Warmaster Okawaru
 10126 | D:8      | Found a blossoming altar of Fedhas.
 10165 | D:8      | Noticed Maurice
 10185 | D:9      | Lost mutation: You have sharp toenails. [potion of mutation]
 10185 | D:9      | Lost mutation: Your muscles are strong. (Str +2) [potion of mutation]
 10185 | D:9      | Gained mutation: You occasionally shout uncontrollably at your foes. [potion of mutation]
 10185 | D:9      | Gained mutation: You are partially covered in large bone plates. (SH +4) [potion of mutation]
 10291 | D:9      | Reached skill level 5 in Short Blades
 10291 | D:9      | Reached skill level 5 in Axes
 10291 | D:9      | Reached skill level 5 in Maces & Flails
 10291 | D:9      | Reached skill level 5 in Polearms
 10291 | D:9      | Reached skill level 5 in Staves
 10291 | D:9      | Reached skill level 5 in Slings
 10291 | D:9      | Reached skill level 5 in Bows
 10291 | D:9      | Reached skill level 5 in Crossbows
 10291 | D:9      | Reached skill level 5 in Stealth
 10291 | D:9      | Reached skill level 5 in Shields
 10291 | D:9      | Reached skill level 5 in Unarmed Combat
 10291 | D:9      | Reached skill level 5 in Evocations
 10360 | D:9      | Found Faessel's Antique Armour Boutique.
 10363 | D:9      | Bought a pair of glowing boots for 165 gold pieces
 10392 | D:9      | Reached * piety under Okawaru
 10595 | D:9      | Found Otipn's Gadget Shop.
 10678 | D:9      | Found an ancient bone altar of Kikubaaqudgha.
 10678 | D:9      | Found a sparkling altar of Nemelex Xobeh.
 10794 | D:9      | Found a staircase to the Orcish Mines.
 11033 | Orc:1    | Entered Level 1 of the Orcish Mines
 11033 | Orc:1    | Noticed an orc warlord
 11033 | Orc:1    | Noticed a cyclops
 11372 | D:8      | Lost mutation: Your body sometimes deteriorates upon taking damage. [potion of mutation]
 11372 | D:8      | Lost mutation: You occasionally shout uncontrollably at your foes. [potion of mutation]
 11372 | D:8      | Lost mutation: Your spells are a little harder to cast, but a little more powerful. [potion of mutation]
 11372 | D:8      | Gained mutation: Your body sometimes deteriorates upon taking damage. [potion of mutation]
 11372 | D:8      | Gained mutation: You are resistant to hostile enchantments. (MR+) [potion of mutation]
 11410 | D:8      | Noticed a two-headed ogre
 11562 | D:8      | You fall through a shaft for 3 floors!
 11562 | D:11     | Noticed a two-headed ogre
 11733 | D:12     | Noticed Rupert
 11843 | D:11     | Killed a two-headed ogre
 11843 | D:11     | Reached ** piety under Okawaru
 11843 | D:11     | Reached skill level 6 in Invocations
 11972 | D:11     | Noticed a purple ugly thing
 12001 | D:10     | Entered Level 10 of the Dungeon
 12122 | D:10     | Found a staircase to the Lair.
 12150 | D:10     | Reached XP level 11. HP: 74/84 MP: 22/22
 12160 | Lair:1   | Entered Level 1 of the Lair of Beasts
 12354 | D:10     | Found Bippiust's Magic Scroll Boutique.
 12359 | D:10     | Bought a scroll of random uselessness for 15 gold pieces
 12359 | D:10     | Bought a scroll of identify for 30 gold pieces
 12359 | D:10     | Bought a scroll of enchant armour for 112 gold pieces
 12359 | D:10     | Bought a scroll of fear for 52 gold pieces
 12763 | D:11     | Got a smoking glass ring
 12764 | D:11     | Identified the cursed ring "Yvue" {rPois Dex-3} (You found it on level 11 of the Dungeon)
 12784 | D:11     | Noticed a wizard
 12805 | D:11     | Paralysed by a wizard for 5 turns
 13164 | D:8      | Killed a two-headed ogre
 13164 | D:8      | Reached *** piety under Okawaru
 13164 | D:8      | Reached skill level 5 in Conjurations
 13164 | D:8      | Reached skill level 5 in Hexes
 13164 | D:8      | Reached skill level 5 in Charms
 13164 | D:8      | Reached skill level 5 in Summonings
 13164 | D:8      | Reached skill level 5 in Necromancy
 13164 | D:8      | Reached skill level 5 in Transmutations
 13164 | D:8      | Reached skill level 5 in Fire Magic
 13164 | D:8      | Reached skill level 5 in Ice Magic
 13164 | D:8      | Reached skill level 5 in Air Magic
 13164 | D:8      | Reached skill level 5 in Earth Magic
 13164 | D:8      | Reached skill level 5 in Poison Magic
 13324 | D:9      | Killed Maurice
 13530 | Lair:1   | Reached **** piety under Okawaru
 13821 | Lair:1   | Reached skill level 7 in Invocations
 14183 | Lair:1   | Received a gift from Okawaru
 14437 | Lair:2   | Found a stormy altar of Qazlal.
 14437 | Lair:2   | Noticed an oklob plant
 15130 | Lair:2   | Found a staircase to the Shoals.
 15222 | Lair:2   | Noticed a seven-headed hydra
 15468 | Lair:2   | Reached XP level 12. HP: 76/93 MP: 18/24
 15475 | Lair:2   | Learned a level 5 spell: Bolt of Magma
 15613 | Lair:2   | Killed a 17-headed hydra
 15613 | Lair:2   | Reached ***** piety under Okawaru
 16703 | Lair:3   | Found a hole to the Spider Nest.
 16732 | Lair:3   | Received a gift from Okawaru
 17228 | Lair:4   | Got a crude cloak
 17239 | Lair:4   | Identified the +4 cloak of Immorality {rElec MR+ Str+3 Dex+7} (You found it on level 4 of the Lair of Beasts)
 17357 | Lair:3   | Reached skill level 8 in Invocations
 17436 | Lair:3   | Noticed a five-headed hydra
 17497 | Lair:4   | Received a gift from Okawaru
 17601 | Lair:3   | Received a gift from Okawaru
 17787 | Lair:2   | Received a gift from Okawaru
 18046 | Spider:1 | Entered Level 1 of the Spider Nest
 18069 | Spider:1 | Received a gift from Okawaru
 18073 | Spider:1 | Got a spiked cloak {god gift}
 18084 | Spider:1 | Identified the +1 cloak "Aqaj" {Dex+3} (Okawaru gifted it to you on level 1 of the Spider Nest)
 18284 | Lair:5   | Reached XP level 13. HP: 97/101 MP: 8/26
 18560 | Lair:4   | Noticed PeterLawrence's ghost (journeyman MiFi)
 18844 | Lair:4   | Killed PeterLawrence's ghost
 19474 | Lair:5   | Found a staircase to the Slime Pits.
 19595 | Lair:5   | Reached skill level 9 in Invocations
 19843 | Lair:6   | Entered Level 6 of the Lair of Beasts
 20061 | Lair:5   | Identified the +3 scale mail of Qusuotut {Slay+3} (You found it on level 5 of the Lair of Beasts)
 21009 | Lair:6   | Received a gift from Okawaru
 21012 | Lair:6   | Got a pair of scorched gloves {god gift}
 21025 | Lair:6   | Identified the +5 pair of gloves of Qoyfas {+Fly Regen+ Int+2 Stlth+} (Okawaru gifted it to you on level 6 of the Lair of Beasts)
 21123 | Lair:6   | Noticed Snorg
 21193 | Lair:5   | Reached skill level 10 in Spellcasting
 21245 | Lair:6   | Killed Snorg
 21245 | Lair:6   | Reached XP level 14. HP: 90/109 MP: 22/28
 21855 | Lair:6   | Reached skill level 10 in Fighting
 21855 | Lair:6   | Reached skill level 10 in Long Blades
 21855 | Lair:6   | Reached skill level 10 in Dodging
 22545 | Lair:6   | Received a gift from Okawaru
 22677 | Lair:6   | Reached skill level 10 in Invocations
 23141 | D:11     | Noticed Psyche
 23157 | D:11     | Killed Psyche
 23585 | D:13     | Found a blossoming altar of Fedhas.
 24290 | D:13     | Got a polished chain mail
 24301 | D:13     | Identified the +7 chain mail of Twilight {rC+ SInv} (You found it on level 13 of the Dungeon)
 24421 | D:13     | Reached ****** piety under Okawaru
 24423 | D:13     | Received a gift from Okawaru
 24924 | D:14     | Reached XP level 15. HP: 117/117 MP: 29/29
 24988 | D:14     | Found a gate to the Vaults.
 25095 | D:14     | Reached skill level 10 in Throwing
 25095 | D:14     | Reached skill level 10 in Armour
 25390 | D:15     | Entered Level 15 of the Dungeon
 25693 | D:13     | Got a twisted arbalest
 25694 | D:13     | Identified the cursed +2 arbalest of Change {freeze, Str+7} (You found it on level 13 of the Dungeon)
 25997 | Shoals:1 | Entered Level 1 of the Shoals
 26030 | Lair:2   | Received a gift from Okawaru
 26192 | Shoals:1 | Reached skill level 10 in Translocations
 26545 | Shoals:2 | Found a hide-covered altar of Uskayaw.
 26744 | Shoals:2 | Found Zeecleoja's Jewellery Emporium.
 26744 | Shoals:2 | Noticed Roxanne
 26831 | Lair:3   | Reached skill level 10 in Short Blades
 26831 | Lair:3   | Reached skill level 10 in Axes
 26831 | Lair:3   | Reached skill level 10 in Maces & Flails
 26831 | Lair:3   | Reached skill level 10 in Polearms
 26831 | Lair:3   | Reached skill level 10 in Staves
 26831 | Lair:3   | Reached skill level 10 in Slings
 26831 | Lair:3   | Reached skill level 10 in Bows
 26831 | Lair:3   | Reached skill level 10 in Crossbows
 26831 | Lair:3   | Reached skill level 10 in Stealth
 26831 | Lair:3   | Reached skill level 10 in Shields
 26831 | Lair:3   | Reached skill level 10 in Unarmed Combat
 26831 | Lair:3   | Reached skill level 10 in Evocations
 27286 | Spider:1 | Received a gift from Okawaru
 27591 | Spider:1 | Reached skill level 11 in Invocations
 27704 | Spider:1 | Noticed Aizul
 27719 | Spider:1 | Killed Aizul
 27749 | Spider:1 | Noticed Josephine
 27774 | Spider:1 | Killed Josephine
 27821 | Spider:1 | Noticed Louise
 27833 | Spider:1 | Killed Louise
 28026 | Spider:2 | Reached XP level 16. HP: 99/125 MP: 24/31
 28130 | Spider:2 | Noticed Asterion
 28572 | Spider:3 | Found a frozen archway.
 28592 | Spider:3 | Learned a level 2 spell: Swiftness
 28598 | IceCv    | Entered an ice cave
 29303 | IceCv    | Received a gift from Okawaru
 29332 | IceCv    | Got an iridescent hunting sling {god gift}
 29333 | IceCv    | Identified the +8 hunting sling "Cosim" {velocity, *Contam rPois Str+3 Stlth+} (Okawaru gifted it to you in an ice cave)
 29362 | IceCv    | Gained mutation: You are weak. (Str -2) [mutagenic glow]
 29601 | IceCv    | Noticed an Ice Fiend
 29609 | IceCv    | Killed an Ice Fiend
 30272 | Spider:4 | Entered Level 4 of the Spider Nest
 30521 | Spider:4 | Received a gift from Okawaru
 30976 | Spider:4 | Received a gift from Okawaru
 32018 | Spider:4 | Received a gift from Okawaru
 32018 | Spider:4 | Reached XP level 17. HP: 88/133 MP: 0/33
 32183 | Spider:4 | Identified the +6 triple sword of Yclekirgh {slice, rElec} (Okawaru gifted it to you on level 4 of the Spider Nest)
 32301 | Spider:4 | Reached skill level 12 in Invocations
 32580 | Spider:4 | Got a gossamer rune of Zot
 32692 | Spider:4 | Received a gift from Okawaru
 32776 | Spider:4 | Got a pitted hunting sling {god gift}
 32777 | Spider:4 | Identified the +6 hunting sling "Muuck" {flame, +Inv rF++} (Okawaru gifted it to you on level 4 of the Spider Nest)
 32811 | Spider:4 | Noticed Mara
 32814 | Spider:4 | Noticed Bai Suzhen
 33153 | D:9      | Received a gift from Okawaru
 33439 | Orc:2    | Entered Level 2 of the Orcish Mines
 33449 | Orc:2    | Noticed Miyamura's ghost (journeyman OpTm)
 33485 | Orc:2    | Killed Miyamura's ghost
 34058 | Orc:2    | Received a gift from Okawaru
 34085 | Orc:2    | Found a staircase to the Elven Halls.
 34143 | Orc:2    | Identified the Handbook of Moulding and Arcane Weapons
 34303 | Orc:2    | Found Zuela's Weapon Boutique.
 34313 | Orc:2    | Received a gift from Okawaru
 34395 | Orc:2    | Found a roughly hewn altar of Beogh.
 34486 | Orc:2    | Found Lobuatem's Weapon Shop.
 34729 | Orc:2    | Found Neunac's Antique Weapon Emporium.
 34754 | Orc:2    | Found Kerch's Magic Scroll Shoppe.
 34841 | Orc:2    | Found a roughly hewn altar of Beogh.
 34895 | Orc:2    | Received a gift from Okawaru
 35737 | D:12     | Killed Rupert
 35811 | D:12     | Found Jopudoku's Antique Armour Shop.
 36910 | D:15     | Reached skill level 10 in Conjurations
 36910 | D:15     | Reached skill level 10 in Hexes
 36910 | D:15     | Reached skill level 10 in Charms
 36910 | D:15     | Reached skill level 10 in Summonings
 36910 | D:15     | Reached skill level 10 in Necromancy
 36910 | D:15     | Reached skill level 10 in Transmutations
 36910 | D:15     | Reached skill level 10 in Fire Magic
 36910 | D:15     | Reached skill level 10 in Ice Magic
 36910 | D:15     | Reached skill level 10 in Air Magic
 36910 | D:15     | Reached skill level 10 in Earth Magic
 36910 | D:15     | Reached skill level 10 in Poison Magic
 36964 | D:15     | Found a staircase to the Depths.
 37100 | D:15     | Identified the +1 ring mail of the Shining Light {+Blink rPois Regen+} (You found it on level 15 of the Dungeon)
 37366 | Depths:1 | Entered Level 1 of the Depths
 37383 | D:15     | Reached XP level 18. HP: 66/141 MP: 14/34
 37480 | D:15     | Received a gift from Okawaru
 37755 | Elf:1    | Entered Level 1 of the Elven Halls
 37970 | Elf:1    | Found Sewkymme's Book Emporium.
 38553 | Elf:1    | Found Inol's Antique Weapon Emporium.
 38965 | Elf:1    | Found Isilol's Armour Shoppe.
 39430 | Elf:2    | Found Ziria's Assorted Antiques.
 39539 | Elf:2    | Received a gift from Okawaru
 39607 | Elf:2    | Reached skill level 13 in Invocations
 39746 | Elf:1    | Received a gift from Okawaru
 40016 | Elf:2    | Learned a level 2 spell: Song of Slaying
 40020 | Elf:2    | Learned a level 3 spell: Regeneration
 40172 | Elf:2    | Found a runed gate.
 40173 | Elf:2    | Found a runed gate.
 40177 | Elf:2    | Found a runed gate.
 40183 | Elf:2    | Received a gift from Okawaru
 40436 | Elf:3    | Entered Level 3 of the Elven Halls
 40449 | Elf:3    | Found Kitonwoq's General Store.
 40536 | Elf:3    | Bought a scroll of identify for 26 gold pieces
 40536 | Elf:3    | Bought a ration for 65 gold pieces
 40536 | Elf:3    | Bought a scroll of identify for 26 gold pieces
 41035 | Elf:3    | Received a gift from Okawaru
 41048 | Elf:3    | Identified the +0 pair of boots of Spite {Dex+4} (Okawaru gifted it to you on level 3 of the Elven Halls)
 41769 | Vaults:1 | Entered Level 1 of the Vaults
 42617 | Vaults:1 | Reached XP level 19. HP: 141/149 MP: 33/36
 43271 | Vaults:1 | Received a gift from Okawaru
 43611 | Vaults:1 | Reached XP level 20. HP: 156/156 MP: 37/37
 45850 | Vaults:3 | Noticed Jorgrun
 45903 | Vaults:2 | Received a gift from Okawaru
 46214 | Vaults:2 | Reached skill level 14 in Invocations
 46880 | Vaults:2 | Received a gift from Okawaru
 46880 | Vaults:2 | Reached XP level 21. HP: 128/164 MP: 31/38
 46996 | Vaults:2 | Received a gift from Okawaru
 47642 | Shoals:2 | Received a gift from Okawaru
 48128 | Shoals:3 | Received a gift from Okawaru
 48181 | Shoals:4 | Entered Level 4 of the Shoals
 48497 | Shoals:3 | Received a gift from Okawaru
 48531 | Shoals:3 | Noticed jernau's ghost (adept FoFi)
 48561 | Shoals:3 | Killed jernau's ghost
 48897 | Shoals:3 | Identified the +7 great sword "Iqeradim" {venom, rF+++ Str-4} (You found it on level 3 of the Shoals)
 48984 | Shoals:4 | Noticed Ilsuiw
 49616 | Shoals:2 | Received a gift from Okawaru
 49703 | Shoals:2 | Bought a cursed ring of loudness for 63 gold pieces
 50199 | Shoals:3 | Killed Ilsuiw
 50394 | Shoals:4 | Identified Sif Muna's Papyrus of Stones and Malediction
 50468 | Shoals:4 | Received a gift from Okawaru
 51011 | Shoals:4 | Got a barnacled rune of Zot
 51357 | Slime:1  | Entered Level 1 of the Pits of Slime
 51410 | Slime:1  | Gained mutation: Your magical capacity is low. (-10% MP) [a shining eye]
 52118 | Lair:5   | Learned a level 3 spell: Lesser Beckoning
 52408 | Elf:2    | Reached XP level 22. HP: 145/172 MP: 31/36
 52738 | Elf:2    | Received a gift from Okawaru
 53299 | Elf:3    | Bought a ration for 65 gold pieces
 53471 | Elf:3    | Gained mutation: You have large cloven feet. [a cacodemon]
 53825 | Elf:3    | Reached skill level 15 in Invocations
 54310 | Elf:3    | Received a gift from Okawaru
 54311 | Elf:3    | Identified the +6 quarterstaff of Crystal {antimagic, Str+4 SInv} (Okawaru gifted it to you on level 3 of the Elven Halls)
 54585 | Elf:3    | Identified the +5 dagger of Nirghigg {speed, +Rage rElec rF+ Str-3} (You took it off a deep elf annihilator on level 3 of the Elven Halls)
 54796 | Elf:3    | Received a gift from Okawaru
 54797 | Elf:3    | Found the +14 obsidian axe {chop, +Fly SInv *Curse}
 55203 | Elf:3    | Found the +2 hat of the Bear Spirit {Spirit, +Rage rN+ MR++}
 55348 | Elf:3    | Identified the +7 chain mail "Tampiv" {Int+5 Dex+2} (You found it on level 3 of the Elven Halls)
 55448 | Elf:3    | Identified the +0 cloak of Naest {rF+ MR+} (You found it on level 3 of the Elven Halls)
 55455 | Elf:3    | Learned a level 4 spell: Passage of Golubria
 55468 | Elf:3    | Identified the +2 scimitar "Sichiut" {venom, rN++} (You found it on level 3 of the Elven Halls)
 55472 | Elf:3    | Identified the +4 rapier of No Interval {pierce, MR++} (You found it on level 3 of the Elven Halls)
 55584 | Elf:3    | Learned a level 5 spell: Summon Mana Viper
 55604 | Elf:3    | Learned a level 5 spell: Borgnjor's Vile Clutch
 56439 | Depths:1 | Found Naotaj's Book Shop.
 56678 | Depths:1 | Found a gateway to Hell.
 56696 | Hell     | Entered the Vestibule of Hell
 56696 | Hell     | Noticed Geryon
 56760 | Depths:1 | Found Neemnyor's Antique Weapon Shop.
 56760 | Depths:1 | Found Cocianud's Distillery.
 56765 | Depths:1 | Found Wubbomez's Distillery.
 56771 | Depths:1 | Bought a potion of haste for 170 gold pieces
 56771 | Depths:1 | Bought a potion of heal wounds for 85 gold pieces
 56774 | Depths:1 | Bought a potion of magic for 96 gold pieces
 56774 | Depths:1 | Bought 2 potions of curing for 72 gold pieces
 56774 | Depths:1 | Bought a potion of heal wounds for 60 gold pieces
 56774 | Depths:1 | Bought a potion of haste for 120 gold pieces
 56830 | Depths:1 | Gained mutation: You tend to lose your temper in combat. [a shining eye]
 57088 | Depths:1 | Received a gift from Okawaru
 57088 | Depths:1 | Reached skill level 15 in Spellcasting
 57178 | Depths:1 | Bought a potion of mutation for 96 gold pieces
 57178 | Depths:1 | Bought a potion of mutation for 96 gold pieces
 57282 | Depths:1 | Reached XP level 23. HP: 97/180 MP: 16/37
 57407 | Depths:1 | Found Pappamos's Magic Scroll Emporium.
 57415 | Depths:1 | Bought a scroll of identify for 26 gold pieces
 57415 | Depths:1 | Bought a scroll of enchant armour for 97 gold pieces
 57415 | Depths:1 | Bought a scroll of identify for 26 gold pieces
 57504 | Depths:1 | Found a gateway to a ziggurat.
 57630 | Depths:1 | Found the +7 lajatang of Order {silver, rMut}
 57720 | Depths:1 | Received a gift from Okawaru
 58341 | Depths:2 | Reached skill level 15 in Fighting
 58341 | Depths:2 | Reached skill level 15 in Long Blades
 58341 | Depths:2 | Reached skill level 15 in Dodging
 58857 | Depths:2 | Received a gift from Okawaru
 58905 | Depths:2 | Paralysed by a floating eye for 4 turns
 58924 | Depths:2 | Paralysed by a floating eye for 4 turns
 58950 | Depths:2 | Identified the +1 troll leather armour of Starshine {Regen+ Int+6 Dex-4} (Okawaru gifted it to you on level 2 of the Depths)
 59663 | Depths:2 | Reached XP level 24. HP: 188/188 MP: 38/38
 59677 | Depths:2 | Learned a level 6 spell: Invisibility
 60120 | Depths:3 | Found a one-way gate leading to the halls of Pandemonium.
 60803 | Depths:3 | Reached skill level 15 in Throwing
 60803 | Depths:3 | Reached skill level 15 in Armour
 60873 | Depths:3 | Identified the +2 leather armour of Freedom {rPois rF+ Str-4 Int+7} (You found it on level 3 of the Depths)
 61180 | Depths:3 | Reached skill level 16 in Invocations
 61340 | Depths:3 | Identified the +6 spear "Vumpiop" {pierce, rC+ Int+4} (You found it on level 3 of the Depths)
 61388 | Depths:3 | Found a one-way gate to the infinite horrors of the Abyss.
 61872 | Depths:4 | Received a gift from Okawaru
 62210 | Depths:4 | Reached skill level 15 in Short Blades
 62210 | Depths:4 | Reached skill level 15 in Axes
 62210 | Depths:4 | Reached skill level 15 in Maces & Flails
 62210 | Depths:4 | Reached skill level 15 in Polearms
 62210 | Depths:4 | Reached skill level 15 in Staves
 62210 | Depths:4 | Reached skill level 15 in Slings
 62210 | Depths:4 | Reached skill level 15 in Bows
 62210 | Depths:4 | Reached skill level 15 in Crossbows
 62210 | Depths:4 | Reached skill level 15 in Stealth
 62210 | Depths:4 | Reached skill level 15 in Shields
 62210 | Depths:4 | Reached skill level 15 in Unarmed Combat
 62210 | Depths:4 | Reached skill level 15 in Evocations
 62495 | Depths:4 | Received a gift from Okawaru
 62825 | Depths:4 | Reached XP level 25. HP: 193/193 MP: 38/38
 62861 | Depths:4 | Identified the +7 chain mail "Dodoisou" {Int+3 Stlth+} (You found it on level 4 of the Depths)
 63003 | Depths:5 | Entered Level 5 of the Depths
 63575 | Depths:5 | Found Fescheqo's Weapon Shoppe.
 63724 | Depths:5 | Noticed Boris
 63791 | Depths:5 | Noticed Sojobo
 63904 | Depths:5 | Killed Boris
 64188 | Depths:4 | Killed Sojobo
 65133 | Depths:5 | Found a gate to the Realm of Zot.
 65833 | Vaults:3 | Received a gift from Okawaru
 66015 | Vaults:4 | Received a gift from Okawaru
 66041 | Vaults:4 | Found a ruined gateway.
 66267 | Vaults:4 | Found a flickering gateway to a bazaar.
 66283 | Bazaar   | Entered a bazaar
 66283 | Bazaar   | Found Kiworeaxt's General Store.
 66283 | Bazaar   | Found Ineutako's Gadget Emporium.
 66283 | Bazaar   | Found Ciniet's Food Shop.
 66283 | Bazaar   | Found Paschuass's Food Shoppe.
 66285 | Bazaar   | Found Sesmap's General Store.
 66285 | Bazaar   | Found Gadwooc's Antique Weapon Shoppe.
 66287 | Bazaar   | Bought a scroll of fog for 30 gold pieces
 66295 | Bazaar   | Bought a ration for 50 gold pieces
 66295 | Bazaar   | Bought a ration for 50 gold pieces
 66295 | Bazaar   | Bought a ration for 50 gold pieces
 66295 | Bazaar   | Bought a ration for 50 gold pieces
 66295 | Bazaar   | Bought a ration for 50 gold pieces
 66303 | Bazaar   | Bought a scroll of identify for 18 gold pieces
 66303 | Bazaar   | Bought a scroll of enchant armour for 67 gold pieces
 66306 | Bazaar   | Bought a ration for 60 gold pieces
 66306 | Bazaar   | Bought a ration for 60 gold pieces
 66306 | Bazaar   | Bought a ration for 60 gold pieces
 66306 | Bazaar   | Bought a ration for 60 gold pieces
 66306 | Bazaar   | Bought a ration for 60 gold pieces
 66306 | Bazaar   | Bought a ration for 60 gold pieces
 66306 | Bazaar   | Bought a ration for 60 gold pieces
 66306 | Bazaar   | Bought a ration for 60 gold pieces
 66369 | Desolati | Entered the Desolation of Salt
 66957 | Desolati | Identified the cursed +0 pearl dragon scales of the Doge {+Fly rN+ Str+5} (You found it in the Desolation of Salt)
 66970 | Desolati | Identified the Reference Book on Supportive Snow
 67001 | Desolati | Identified the Handbook of the Dark Blaze
 67005 | Desolati | Identified the +3 trident of Gravity {venom, rPois rF++ Str-3} (You found it in the Desolation of Salt)
 67057 | Desolati | Received a gift from Okawaru
 67593 | Desolati | Identified a +1 pair of boots of running (You found it in the Desolation of Salt)
 67619 | Desolati | Identified the ring of the Endless Continents {rPois rN+++ AC+4 Int-3} (You found it in the Desolation of Salt)
 67620 | Desolati | Identified the Almanac of Lucky Clay
 67665 | Desolati | Identified the ring "Tuhi Cempon" {-Tele rElec rC++ MR+ Int+2} (You found it in the Desolation of Salt)
 67670 | Desolati | Found the +6 arbalest "Damnation" {damnation}
 68105 | Vaults:4 | Received a gift from Okawaru
 68426 | Vaults:4 | Reached XP level 26. HP: 137/202 MP: 16/38
 68595 | Vaults:3 | Received a gift from Okawaru
 69076 | Vaults:4 | Reached skill level 17 in Invocations
 69107 | Vaults:4 | Received a gift from Okawaru
 69584 | Vaults:3 | Found a staircase to the Crypt.
 69823 | Vaults:3 | Killed Jorgrun
 70309 | Vaults:3 | Received a gift from Okawaru
 71354 | Crypt:1  | Entered Level 1 of the Crypt
 72360 | Crypt:1  | Found a basalt altar of Yredelemnul.
 73405 | Crypt:2  | Noticed Jory
 73825 | Temple   | Fell from the grace of Okawaru
 73825 | Temple   | Became a worshipper of Zin the Law-Giver
 73825 | Temple   | Reached * piety under Zin
 73825 | Temple   | Reached ** piety under Zin
 73930 | Temple   | Donated 1451 gold pieces to Zin
 73974 | Temple   | Reached *** piety under Zin
 74085 | D:8      | Reached **** piety under Zin
 74385 | Crypt:3  | Entered Level 3 of the Crypt
 74538 | Crypt:2  | Reached ***** piety under Zin
 74827 | Crypt:2  | Killed Jory
 74830 | Crypt:2  | Noticed a greater mummy
 74878 | Crypt:2  | Noticed Khufu
 75817 | Crypt:1  | Killed a greater mummy
 75817 | Crypt:1  | Reached XP level 27. HP: 141/211 MP: 17/39
 75995 | Crypt:2  | Killed Khufu
 77317 | Crypt:3  | Found a staircase to the Tomb.
 77565 | Crypt:3  | Reached skill level 15 in Translocations
 77690 | Crypt:3  | Reached ****** piety under Zin
 77693 | Crypt:3  | Found a basalt altar of Yredelemnul.
 78243 | Crypt:3  | Noticed an ancient lich
 78243 | Crypt:3  | Noticed an ancient lich
 78299 | Crypt:3  | Lost mutation: Your body sometimes deteriorates upon taking damage. [potion of mutation]
 78299 | Crypt:3  | Lost mutation: You have large cloven feet. [potion of mutation]
 78300 | Crypt:3  | Lost mutation: You are weak. (Str -2) [potion of mutation]
 78300 | Crypt:3  | Lost mutation: Your magical capacity is low. (-10% MP) [potion of mutation]
 78301 | Crypt:3  | Lost mutation: You tend to lose your temper in combat. [potion of mutation]
 78301 | Crypt:3  | Lost mutation: You are resistant to hostile enchantments. (MR+) [potion of mutation]
 78301 | Crypt:3  | Lost mutation: You are partially covered in large bone plates. (SH +4) [potion of mutation]
 78555 | Crypt:3  | Found a basalt altar of Yredelemnul.
 81252 | Slime:4  | Reached skill level 18 in Invocations
 81299 | Slime:5  | Entered Level 5 of the Pits of Slime
 82749 | Slime:5  | Noticed Dissolution
 82876 | Slime:4  | Paralysed by a floating eye for 2 turns
 82879 | Slime:4  | Killed Dissolution
 83126 | Slime:5  | Noticed the Royal Jelly
 83541 | Slime:4  | Was forgiven by Okawaru
 84210 | Slime:5  | Found the cursed +13 scythe of Curses {drain, *Curse}
 84211 | Slime:5  | Found a viscous altar of Jiyva.
 85742 | Slime:5  | Killed the Royal Jelly
 86117 | Slime:5  | Found the +7 captain's cutlass {speed, disarm}
 86149 | Slime:5  | Learned a level 2 spell: Passwall
 86193 | Slime:5  | Got a slimy rune of Zot
 86194 | Slime:5  | Identified the Tome of the Igneous Traveller
 86203 | Slime:5  | Identified the +1 bardiche "Hilyst" {protect, rN+ Dex+2} (You found it on level 5 of the Pits of Slime)
 86218 | Slime:5  | Identified the ring of Youthful Indiscretion {rN+ MR++ Dex+2} (You found it on level 5 of the Pits of Slime)
 86234 | Slime:5  | Identified the +2 robe of the Dragon {rPois rF+} (You found it on level 5 of the Pits of Slime)
 86248 | Slime:5  | Identified the amulet "Eskeile" {Gourm rN+} (You found it on level 5 of the Pits of Slime)
 86271 | Slime:5  | Identified the +3 longbow of Wyrd {flame, Str+2} (You found it on level 5 of the Pits of Slime)
 86540 | Slime:5  | Identified the +4 shortbow of Annihilation {freeze, *Drain rF+ Str+7 Dex+3} (You found it on level 5 of the Pits of Slime)
 86588 | Slime:5  | Upgraded the game from 0.21.1 to 0.21.1-1-g345015f
 87098 | Tomb:1   | Entered Level 1 of the Tomb of the Ancients
 87973 | Tomb:1   | HP: 9/215 [sphinx (4)]
 87996 | Tomb:1   | HP: 8/215 [death scarab (13)]
 87997 | Tomb:1   | HP: 3/215 [sphinx/divine providence (6)]
 88538 | Tomb:1   | Noticed a greater mummy
 88550 | Tomb:1   | Killed a greater mummy
 88987 | Tomb:1   | Noticed an ancient lich
 88998 | Tomb:1   | Killed an ancient lich
 90563 | Hell     | Killed Geryon
 90572 | Hell     | Reached skill level 15 in Conjurations
 90572 | Hell     | Reached skill level 15 in Hexes
 90572 | Hell     | Reached skill level 15 in Charms
 90572 | Hell     | Reached skill level 15 in Summonings
 90572 | Hell     | Reached skill level 15 in Necromancy
 90572 | Hell     | Reached skill level 15 in Transmutations
 90572 | Hell     | Reached skill level 15 in Fire Magic
 90572 | Hell     | Reached skill level 15 in Ice Magic
 90572 | Hell     | Reached skill level 15 in Air Magic
 90572 | Hell     | Reached skill level 15 in Earth Magic
 90572 | Hell     | Reached skill level 15 in Poison Magic
 90972 | Hell     | Found a gateway to the Iron City of Dis.
 91028 | Hell     | Found a gateway to the freezing wastes of Cocytus.
 91094 | Hell     | Found a gateway to the decaying netherworld of Tartarus.
 91351 | Hell     | Found a gateway to the ashen valley of Gehenna.
 91891 | Zot:1    | Entered Level 1 of the Realm of Zot
 91921 | Zot:1    | Noticed an orb of fire
 92316 | Temple   | Fell from the grace of Zin
 92316 | Temple   | Became a worshipper of the Shining One
 92316 | Temple   | Reached * piety under the Shining One
 92316 | Temple   | Reached ** piety under the Shining One
 92316 | Temple   | Reached *** piety under the Shining One
 92686 | Zot:1    | Gained mutation: You are frail. (-10% HP) [an orb of fire]
 92748 | Zot:1    | Gained mutation: You are clumsy. (Dex -2) [an orb of fire]
 92754 | Zot:1    | Killed an orb of fire
 93230 | Zot:1    | Reached **** piety under the Shining One
 93889 | Zot:1    | Reached skill level 19 in Invocations
 94523 | Zot:2    | Identified the cursed +0 halberd of Duty {pain, rC+} (You found it on level 2 of the Realm of Zot)
 94841 | Zot:2    | Reached ***** piety under the Shining One
 94986 | Zot:2    | Noticed 1player's ghost (legendary GrMo)
 95101 | Zot:2    | Killed 1player's ghost
 97111 | Zot:3    | HP: 4/197 [death cob (15)]
 97117 | Zot:3    | HP: 1/197 [death cob (15)]
 99601 | Zot:5    | Entered Level 5 of the Realm of Zot
 99657 | Zot:5    | Noticed an ancient lich
 99674 | Zot:5    | Killed an ancient lich
 99813 | Zot:5    | Noticed an ancient lich
 99832 | Zot:5    | Killed an ancient lich
100061 | Zot:5    | Noticed an ancient lich
100075 | Zot:5    | Killed an ancient lich
100788 | Zot:5    | Noticed an ancient lich
100857 | Zot:5    | Noticed an orb of fire
100864 | Zot:5    | Gained mutation: Your body sometimes deteriorates upon taking damage. [an orb of fire]
100873 | Zot:5    | Gained mutation: You are very clumsy. (Dex -4) [an orb of fire]
101089 | Zot:5    | Killed an orb of fire
102006 | Zot:5    | Reached skill level 20 in Invocations
102026 | Zot:5    | Noticed an orb of fire
102037 | Zot:5    | Gained mutation: Your magical capacity is low. (-10% MP) [an orb of fire]
102038 | Zot:5    | Killed an orb of fire
102074 | Zot:5    | HP: 3/198 [Killer Klown (7)]
102074 | Zot:5    | Mangled by a Killer Klown

Skill      XL: |  1  2  3  4  5  6  7  8  9 10 11 12 13 14 15 16 17 18 19 20 21 22 23 24 25 26 27 |
---------------+----------------------------------------------------------------------------------+-----
Short Blades   | 1 2 3 4 5 6 7 8 9 10 11 12 13 14 15 16 18 | 18.6
Axes           | 1 2 3 4 5 6 7 8 9 10 11 12 13 14 15 16 18 | 18.6
Maces & Flails | 1 2 3 4 5 6 7 8 9 10 11 12 13 14 15 16 18 | 18.6
Polearms       | 1 2 3 4 5 6 7 8 9 10 11 12 13 14 15 16 18 | 18.6
Staves         | 1 2 3 4 5 6 7 8 9 10 11 12 13 14 15 16 18 | 18.6
Slings         | 1 2 3 4 5 6 7 8 9 10 11 12 13 14 15 16 18 | 18.6
Bows           | 1 2 3 4 5 6 7 8 9 10 11 12 13 14 15 16 18 | 18.6
Crossbows      | 1 2 3 4 5 6 7 8 9 10 11 12 13 14 15 16 18 | 18.6
Stealth        | 1 2 3 4 5 6 7 8 9 10 11 12 13 14 15 16 18 | 18.6
Shields        | 1 2 3 4 5 6 7 8 9 10 11 12 13 14 15 16 18 | 18.6
Unarmed Combat | 1 2 3 4 5 6 7 8 9 10 11 12 13 14 15 16 18 | 18.6
Spellcasting   | 5 6 7 8 9 10 11 12 13 14 15 16 19 | 19.1
Invocations    | 1 2 3 4 5 6 7 8 9 10 11 12 13 14 15 16 17 20 | 20.0
Evocations     | 1 2 3 4 5 6 7 8 9 10 11 12 13 14 15 16 18 | 18.6
Throwing       | 3 4 5 6 7 8 9 10 11 12 13 14 15 16 18 | 18.7
Armour         | 3 4 5 6 7 8 9 10 11 12 13 14 15 16 18 | 18.7
Conjurations   | 1 2 3 4 5 6 7 8 9 10 11 12 13 14 16 | 16.0
Hexes          | 1 2 3 4 5 6 7 8 9 10 11 12 13 14 16 | 16.0
Charms         | 1 2 3 4 5 6 7 8 9 10 11 12 13 14 16 | 16.0
Summonings     | 1 2 3 4 5 6 7 8 9 10 11 12 13 14 16 | 16.0
Necromancy     | 1 2 3 4 5 6 7 8 9 10 11 12 13 14 16 | 16.0
Transmutations | 1 2 3 4 5 6 7 8 9 10 11 12 13 14 16 | 16.0
Fire Magic     | 1 2 3 4 5 6 7 8 9 10 11 12 13 14 16 | 16.0
Ice Magic      | 1 2 3 4 5 6 7 8 9 10 11 12 13 14 16 | 16.0
Air Magic      | 1 2 3 4 5 6 7 8 9 10 11 12 13 14 16 | 16.0
Earth Magic    | 1 2 3 4 5 6 7 8 9 10 11 12 13 14 16 | 16.0
Poison Magic   | 1 2 3 4 5 6 7 8 9 10 11 12 13 14 16 | 16.0
Fighting       | 5 6 7 8 9 10 11 12 13 14 15 16 19 | 19.0
Long Blades    | 5 6 7 8 9 10 11 12 13 14 15 16 19 | 19.0
Dodging        | 5 6 7 8 9 10 11 12 13 14 15 16 19 | 19.0
Translocations | 6 7 8 9 10 11 12 13 14 16 | 16.7

Action                   |  1- 3 |  4- 6 |  7- 9 | 10-12 | 13-15 | 16-18 | 19-21 | 22-24 | 25-27 || total
-------------------------+-------+-------+-------+-------+-------+-------+-------+-------+-------++-------
Melee: Falchion          |    68 |   141 |   753 |       |       |       |       |       |       ||   962
       Bite              |    12 |    23 |   123 |    86 |   226 |   328 |   301 |   303 |  1126 ||  2528
       Punch             |     1 |     2 |     7 |       |     1 |       |       |       |       ||    11
       Great sword       |       |       |       |   530 |   893 |   138 |       |       |       ||  1561
       Great mace        |       |       |       |       |    10 |       |       |       |       ||    10
       Unarmed           |       |       |       |       |    14 |       |       |       |       ||    14
       Bardiche          |       |       |       |       |     8 |   441 |    41 |    36 |       ||   526
       Triple sword      |       |       |       |       |       |  1090 |  1197 |   424 |  1513 ||  4224
       Lajatang          |       |       |       |       |       |       |       |   863 |  3095 ||  3958
       Dire flail        |       |       |       |       |       |       |       |       |    10 ||    10
 Fire: Arbalest          |       |       |       |       |     7 |    17 |    28 |   138 |   552 ||   742
Throw: Tomahawk          |     3 |       |     9 |    16 |       |       |       |       |       ||    28
       Javelin           |       |       |       |     3 |     6 |       |       |       |       ||     9
 Cast: Shroud of Golubri |       |     2 |    17 |    18 |    14 |     3 |     2 |     3 |    10 ||    69
       Blink             |       |       |     5 |     1 |       |       |     1 |       |     9 ||    16
       Teleport Other    |       |       |     2 |     2 |       |       |       |       |       ||     4
       Swiftness         |       |       |       |       |       |     1 |       |       |     8 ||     9
       Song of Slaying   |       |       |       |       |       |     1 |     3 |     4 |    11 ||    19
       Bolt of Magma     |       |       |       |       |       |       |     6 |     4 |     2 ||    12
       Regeneration      |       |       |       |       |       |       |       |    10 |    13 ||    23
       Borgnjor's Vile C |       |       |       |       |       |       |       |     8 |     9 ||    17
       Summon Mana Viper |       |       |       |       |       |       |       |     1 |    19 ||    20
       Passage of Golubr |       |       |       |       |       |       |       |     5 |     4 ||     9
       Invisibility      |       |       |       |       |       |       |       |       |     2 ||     2
Invok: Heroism           |       |       |       |     9 |    21 |    29 |    25 |    28 |    34 ||   146
       Finesse           |       |       |       |       |       |     1 |     1 |     2 |       ||     4
       Recite            |       |       |       |       |       |       |       |       |    56 ||    56
       Vitalisation      |       |       |       |       |       |       |       |       |     2 ||     2
       Donate Gold       |       |       |       |       |       |       |       |       |     1 ||     1
       Cleansing Flame   |       |       |       |       |       |       |       |       |     4 ||     4
       Divine Shield     |       |       |       |       |       |       |       |       |     2 ||     2
       Sanctuary         |       |       |       |       |       |       |       |       |     1 ||     1
       Summon Divine War |       |       |       |       |       |       |       |       |     1 ||     1
 Abil: Stop Flying       |       |       |       |     1 |     1 |       |       |       |       ||     2
       Evoke Flight      |       |       |       |       |     1 |       |     1 |       |     7 ||     9
Evoke: Wand              |       |     1 |    14 |     9 |     3 |     3 |       |     1 |     2 ||    33
       Lightning rod     |       |       |       |       |       |       |     2 |       |       ||     2
       Box of beasts     |       |       |       |       |       |       |       |     1 |       ||     1
       Sack of spiders   |       |       |       |       |       |       |       |     1 |       ||     1
  Use: Potion            |       |       |     5 |     2 |     2 |     6 |     1 |     1 |    24 ||    41
       Scroll            |       |       |     9 |    15 |     8 |    18 |     1 |    13 |    24 ||    88
 Stab: Sleeping          |     2 |     3 |    10 |     9 |    11 |    35 |    10 |    12 |    21 ||   113
       Paralysed         |       |     6 |       |    11 |       |       |       |       |       ||    17
       Distracted        |       |       |     1 |     3 |     3 |     5 |     1 |     8 |    16 ||    37
       Petrified         |       |       |       |       |       |     2 |       |       |       ||     2
       Petrifying        |       |       |       |       |       |     1 |       |       |       ||     1
       Confused          |       |       |       |       |       |       |       |       |    13 ||    13
  Eat: Chunk             |     1 |     5 |    17 |    21 |    26 |    38 |    26 |    23 |    39 ||   196
       Ration            |       |       |     2 |     2 |     3 |     5 |     2 |     4 |    29 ||    47
Armor: Leather armour    |    41 |    31 |   235 |   153 |    58 |       |       |       |       ||   518
       Skin              |       |       |     8 |       |       |       |       |       |       ||     8
       Scale mail        |       |       |       |       |   173 |       |       |       |       ||   173
       Chain mail        |       |       |       |       |   364 |  1570 |   948 |   628 |  3070 ||  6580
Dodge: Dodged            |    84 |   109 |   539 |   480 |   980 |  2172 |  1583 |  1079 |  5261 || 12287
Block: Other             |       |       |       |   116 |   215 |   445 |   328 |   192 |   425 ||  1721
       Rpst.: Falchion   |    29 |    36 |   156 |       |       |       |       |       |       ||   221
       Great sword       |       |       |       |   129 |   217 |    30 |       |       |       ||   376
       Triple sword      |       |       |       |       |       |   309 |   313 |    67 |   435 ||  1124
